Unix NetHack Version 5.0.0-0 post-release - last build Jun 10 2026 00:39:30 (3ee93aec679c4c4259841fe613dc97188e26a321,branch:main).

Game began 2026-06-27 21:54:24, ended 2026-06-27 22:18:48.

Felix1, neutral male human Archeologist

                                            --------------
                                            |.............#
    ------                                 #-............|#######      -------
    |....|                                 #|............|      #######|.@...|
    |....|       ----------------          #--------------            #|reB..|
    |.....#######|..............|          #                          #|.....|
    |.>..|      #|........<......##     ####                          #-.....|
    ----.-      #.....`.........| ##########                           |.....|
                #|...........:..|      #   ####                        +.....|
                 ----------------      #      #                        -------
                                 #######      ###
                              ####              #
                #            ##                 #
       -.---##################                  ##    ------------
       |...-#  #                                 #    |.[(??!...+|
       |_..| ###                                 #####|.%).)/(./.|
       |..>|##                                       #-..![![%*.(|
       |...+                                          ------------
       -----

Felix1 the Field Worker    St:13 Dx:11 Co:10 In:16 Wi:17 Ch:10  Neutral
Dlvl:4  $:50 HP:0(34) Pw:20(20) AC:7  Xp:4 T:1651 

Latest messages:
 You must have been working on your reflexes.
 You feel tough!
 You must have been leading a healthy life-style.
 You hear someone counting gold coins.
 You find a hidden door.
 This door is locked.
 Unlock it with your key? [ynq] (q) y
 You succeed in unlocking the door.
 The door opens.
 You kill the kobold!
 L - a cram ration.
 M - 2 pears.
 You find a hidden passage.
 You find a hidden passage.
 The door opens.
 The giant rat bites!
 The giant rat bites!
 You kill the giant rat!
 You see here a giant rat corpse.
 There is a giant rat corpse here; eat it? [ynq] (n) y
 This giant rat corpse is fatty.
 You finish eating the giant rat corpse.
 In what direction? 8
 The fedora misses the floating eye.
 You lash the floating eye.
 You are frozen by the floating eye's gaze!
 The giant rat bites!
 The giant rat bites!
 The giant rat bites!
 The giant rat bites!
 The giant rat bites!
 The giant rat bites!
 The giant rat bites!
 The giant rat bites!
 The giant rat bites!
 The giant rat bites!
 The giant rat bites!
 The giant rat bites!
 The giant rat bites!
 The giant bat bites!
 The giant rat bites!
 The giant bat bites!
 The giant bat bites!
 The giant rat bites!
 You die...
 Do you want your possessions identified? [ynq] (y) n
 Do you want to see your attributes? [ynq] (y) n
 Do you want an account of creatures vanquished? [ynaq] (y) y
 Do you want to see your conduct and achievements? [ynq] (y) y
 Do you want to see the dungeon overview? [ynq] (y) y

Inventory:
 Coins    ('$')
  $ - 50 gold pieces
 Amulets  ('"')
  q - an uncursed amulet versus poison (being worn)
 Weapons  (')')
  i - 7 +0 arrows
  j - 11 cursed +0 darts
  r - a +0 dagger
  a - a +2 bullwhip (weapon in right hand)
  A - a +0 scimitar
 Armor    ('[')
  p - an uncursed +0 helm of caution (being worn)
  B - an uncursed +0 orcish helm
  n - an uncursed +0 oilskin cloak (being worn)
  b - an uncursed +0 leather jacket (being worn)
 Comestibles  ('%')
  l - an uncursed clove of garlic
  L - an uncursed cram ration
  d - 2 uncursed food rations
  M - 2 uncursed pears
 Scrolls  ('?')
  o - an uncursed scroll of create monster
  H - 2 uncursed scrolls of identify
 Potions  ('!')
  z - a blessed potion of gain ability
  s - an uncursed potion of gain level
 Rings    ('=')
  t - a cursed ring of poison resistance
 Wands    ('/')
  C - a wand of undead turning (0:6)
 Tools    ('(')
  h - an empty uncursed sack
  e - a +0 pick-axe
  D - an uncursed skeleton key
  k - a cursed stethoscope
  f - a tinning kit (0:91)
 Gems/Stones  ('*')
  g - an uncursed touchstone

Felix1 the Archeologist's attributes:

Background:
 You were a Field Worker, a level 4 male human Archeologist.
 You were neutral, on a mission for Camaxtli
 who was opposed by Quetzalcoatl (lawful) and Huhetotl (chaotic).
 You were right-handed.
 You were in the Dungeons of Doom, on level 4.
 You entered the dungeon 1651 turns ago.
 It was nighttime.
 You had 88 experience points, 72 more were needed to attain level 5.

Basics:
 You had 0 out of 34 hit points.
 You had all 20 energy points (spell power).
 Your armor class was 7.
 Your wallet contained 50 zorkmids.
 Autopickup was off.

Final Characteristics:
 Your strength was 13 (limit:18/100).
 Your dexterity was 11 (limit:18).
 Your constitution was 10 (limit:18).
 Your intelligence was 16 (limit:18).
 Your wisdom was 17 (limit:18).
 Your charisma was 10 (limit:18).

Final Status:
 You weren't hungry.
 You were unencumbered.
 You were wielding a whip.
 You had basic skill with whip.

Final Attributes:
 You were devoutly aligned.
 You were poison resistant.
 You saw invisible.
 You were warned.
 You had automatic searching.
 You were guarded.
 You are dead.

Miscellaneous:
 You didn't encounter any bones levels.
 Total elapsed playing time was 24 minutes and 23 seconds.

Major events:
 Turn
    1: Felix1 the neutral male human Archeologist entered the dungeon
 1009: attained the rank of Field Worker (level 3)
 1651: killed by a giant rat, while frozen by a floating eye's gaze

You didn't know any spells.

Skills:
 Fighting Skills
   bare handed combat [Unskilled]
   two weapon combat  [Unskilled]
   riding             [Unskilled]
 Weapon Skills
   dagger             [Unskilled]
   knife              [Unskilled]
   pick-axe           [Basic]
   short sword        [Unskilled]
   saber              [Unskilled]
   club               [Unskilled]
   quarterstaff       [Unskilled]
   sling              [Unskilled]
   dart               [Unskilled]
   boomerang          [Unskilled]
   whip               [Basic]
   unicorn horn       [Unskilled]
 Spellcasting Skills
   attack spells      [Unskilled]
   healing spells     [Unskilled]
   divination spells  [Unskilled]
   matter spells      [Unskilled]

Voluntary challenges:
 Character rerolling was not enabled.
 You never genocided any monsters.
 You never polymorphed an object.
 You never changed form.
 You used no wishes.
Achievements:
 You entered a shop.
 You attained the rank of Field Worker.

 The Dungeons of Doom: levels 1 to 4
    Level 1:
    Level 2:
       A vegetarian food shop.
    Level 3:
    Level 4: <- You were here.
       A general store, an altar.
       Final resting place for
          you, killed by a giant rat, while frozen by a floating eye's gaze.


Vanquished creatures:
  a shrieker
  a homunculus
 an iguana
  a hobbit
  3 hobgoblins
  a giant rat
  a cave spider
  a yellow mold
  2 jackals
  2 foxes
  a kobold
  a goblin
  3 grid bugs
  a lichen
  6 newts
26 creatures vanquished.

No species were genocided or became extinct.

Game over:
                       ----------
                      /          \
                     /    REST    \
                    /      IN      \
                   /     PEACE      \
                  /                  \
                  |      Felix1      |
                  |      50 Au       |
                  |   killed by a    |
                  |    giant rat     |
                  |                  |
                  |                  |
                  |       2026       |
                 *|     *  *  *      | *
        _________)/\\_//(\/(/\)/\//\/|_)_______

Goodbye Felix1 the Archeologist...

You died in The Dungeons of Doom on dungeon level 4 with 547 points,
and 50 pieces of gold, after 1651 moves.
You were level 4 with a maximum of 34 hit points when you died.

